 Dungeon Crawl Stone Soup version 0.23-a0-767-gdc19b93d68 (webtiles) character file.

72 Robson the Ducker (level 4, 0/34 HPs)
             Began as a Demonspawn Gladiator on Jan 27, 2019.
             Was an Initiate of Makhleb.
             Slain by Ijyb
             ... wielding a +2 dagger of venom
              (1 damage)
             ... on level 3 of the Dungeon.
             The game lasted 00:11:36 (2088 turns).

Robson the Ducker (Demonspawn Gladiator)            Turns: 2088, Time: 00:11:37

Health: 0/34       AC: 11    Str: 15    XL:     4   Next: 7%
Magic:  4/4        EV:  5    Int: 10    God:    Makhleb [......]
Gold:   118        SH:  0    Dex: 14    Spells: 3/3 levels left

rFire    . . .     SeeInvis .   a - +0 war axe
rCold    . . .     Gourm    .   (no shield)
rNeg     . . .     Faith    .   p - +0 plate armour
rPois    .         Spirit   .   c - +0 helmet
rElec    .         Reflect  .   (no cloak)
rCorr    .         Harm     .   (no gloves)
MR       .....                  (no boots)
Stlth    ..........             (no amulet)
HPRegen  0.11/turn              (no ring)
MPRegen  0.09/turn              (no ring)

@: lethally poisoned (0 -> -36)
A: spiny 1
a: Renounce Religion


You were on level 3 of the Dungeon.
You worshipped Makhleb.
Makhleb was noncommittal.
You were not hungry.

You visited 1 branch of the dungeon, and saw 3 of its levels.

You collected 118 gold pieces.

Inventory:

Hand Weapons
 a - a +0 war axe (weapon)
Missiles
 d - 3 throwing nets (quivered)
 i - 7 poisoned needles
Armour
 b - a +0 leather armour
 c - a +0 helmet (worn)
 p - a +0 plate armour (worn)
Scrolls
 g - a scroll of remove curse
 l - a scroll of fog {unknown}
 m - 3 scrolls of teleportation
 n - a scroll of immolation
Potions
 k - a potion of curing {unknown}
 o - a potion of lignification
Comestibles
 f - 5 rations


   Skills:
 + Level 2.3 Fighting
 + Level 3.3 Axes
 + Level 1.8 Throwing
 + Level 1.2 Armour
 + Level 3.4 Dodging


You had 3 spell levels left.
You didn't know any spells.
Your spell library was empty.

Dungeon Overview and Level Annotations

Branches:
Dungeon (3/15)

Altars:
Cheibriados
Makhleb
Xom

Annotations:
D:3 Ijyb


Innate Abilities, Weirdness & Mutations

You are partially covered in sharp spines.


Message History

Ijyb is struck by your spines. Ijyb hits you but does no damage.
Ijyb is struck by your spines. Ijyb hits you but does no damage.
You are more poisoned.
Unknown command.
Your plate armour prevents you from hitting Ijyb.
Ijyb is almost dead.
* * * LOW HITPOINT WARNING * * *
You feel very sick. Ijyb hits you but does no damage.
You hit Ijyb but do no damage.
Ijyb is almost dead.
* * * LOW HITPOINT WARNING * * *
You feel very sick. Ijyb barely misses you.
You closely miss Ijyb.
Ijyb is almost dead.
* * * LOW HITPOINT WARNING * * *
You feel very sick.
Ijyb hits you with a +2 dagger of venom.
You die...

#.# #.# ...#
#.### #.#...#.##
#.#.# #.#).....
#.#.###.#......
#.#...........#
#.#.###.#.....#
#.#.# #.###..(###
#.#.# #.....g...#
#.#.#########@.##
#.#.#........)..#
#.#.#.########)##
####.#.#.# #.#
.....#.#.# #.#
######.#.# #.#
.......#.# #.#
########.# #.#
..... #.# #.#


You could see Ijyb.

Vanquished Creatures
  An adder (D:3)
  An ooze (D:1)
  3 worms
  2 dart slugs
  A leopard gecko (D:1)
  2 orcs (D:3)
  3 giant cockroaches
  3 goblins (D:1)
  7 hobgoblins
  7 kobolds
  2 quokkas
  4 bats
  3 frilled lizards (D:1)
  2 rats
41 creatures vanquished.

Notes
Turn   | Place    | Note
-------+----------+-------------------------------------------
     0 | D:1      | Robson the Demonspawn Gladiator began the quest for the
                  | Orb.
     0 | D:1      | Reached XP level 1. HP: 16/16 MP: 1/1
   313 | D:1      | Gained mutation: You are partially covered in sharp spines.
                  | [demonic ancestry]
   313 | D:1      | Reached XP level 2. HP: 21/22 MP: 2/2
  1341 | D:2      | Found a burning altar of Makhleb.
  1346 | D:2      | Became a worshipper of Makhleb the Destroyer
  1353 | D:2      | Reached XP level 3. HP: 27/27 MP: 3/3
  1422 | D:2      | Found a shimmering altar of Xom.
  1424 | D:2      | Found a hide-covered altar of Uskayaw.
  1424 | D:2      | Found a snail-covered altar of Cheibriados.
  1426 | D:2      | Found a glowing golden altar of the Shining One.
  1426 | D:2      | Found a blossoming altar of Fedhas.
  1426 | D:2      | Found a blossoming altar of Fedhas.
  1661 | D:2      | Found a snail-covered altar of Cheibriados.
  1787 | D:2      | Reached skill level 1 in Armour
  1960 | D:3      | Noticed Ijyb
  2070 | D:3      | Reached XP level 4. HP: 32/34 MP: 4/4
  2088 | D:3      | HP: 1/34 [poisoned by Ijyb]
  2088 | D:3      | Slain by Ijyb

Vault maps used:
D:1:      nicolae_arrival_washed_ashore, roderic_lattice_a,
          palyth_stone_intersect, minmay_misc_feat_encased
D:2:      doesnt_xom_only_xom, lemuel_coloured_pillars_altar,
          lemuel_doored_altar
D:3:      uniq_ijyb

Skill      XL: |  1  2  3 |
---------------+----------+-----
Dodging        | 3 |  3.4
Axes           | 3 |  3.3
Armour         | 1 |  1.2
Fighting       | |  2.3
Throwing       | |  1.8

Action                   |  1- 3 |  4- 6 || total
-------------------------+-------+-------++-------
Melee: War axe           |    78 |    12 ||    90
  Use: Scroll            |     5 |       ||     5
       Potion            |     2 |       ||     2
  Eat: Ration            |     1 |       ||     1
Armor: Leather armour    |    17 |       ||    17
       Plate armour      |       |    12 ||    12
Dodge: Dodged            |    52 |     2 ||    54

Table legend:
 A = Non-vault XP
 B = Vault XP
 C = Vault XP percentage of total XP
 D = Non-vault monster count
 E = Vault monster count
 F = Vault count percentage of total count
                 A         B        C        D         E       F
            +---------+---------+-------+---------+---------+-------
      Total |     104 |       0 |   0.0 |      41 |       0 |   0.0
            +---------+---------+-------+---------+---------+-------
        D:1 |      34 |       0 |   0.0 |      18 |       0 |   0.0
        D:2 |      34 |       0 |   0.0 |      14 |       0 |   0.0
        D:3 |      36 |       0 |   0.0 |       9 |       0 |   0.0
            +---------+---------+-------+---------+---------+-------
